 Dungeon Crawl Stone Soup version 0.29-a0-668-g12ee2bf84d (webtiles) character file.

Game seed: 169762199535785925

46 zeratav the Stinger (level 3, 0/34 (36) HPs)
             Began as a Formicid Venom Mage on June 23, 2022.
             Succumbed to an adder's poison
             ... on level 2 of the Dungeon.
             The game lasted 00:03:12 (1693 turns).

zeratav the Stinger (Formicid Venom Mage)           Turns: 1693, Time: 00:03:13

HP:   0/34 (36)     AC: 21    Str: 14    XL:     3   Next: 95%
MP:   3/6           EV:  2    Int: 14    God:
Gold: 42            SH:  0    Dex: 14    Spells: 5/6 levels left

rFire   . . .      SeeInvis .   f - +2 short sword (venom) {short}
rCold   . . .      Faith    .   (no shield)
rNeg    . . .      Spirit   .   (body armour currently unavailable)
rPois   +          Reflect  .   (helmet unavailable)
rElec   .          Harm     .   (cloak currently unavailable)
rCorr   .          Rampage  .   (gloves currently unavailable)
Will    .....                   (boots currently unavailable)
Stlth   ++........              (no amulet)
HPRegen 0.11/turn               (no ring)
MPRegen 0.10/turn               (no ring)

@: lethally poisoned (0 -> -5), tree-form, lightly drained
A: stationary, stasis, torment immunity, boosted hp, permanent stasis, dig
shafts and tunnels, (antennae 3), four strong arms
a: no special abilities


You were on level 2 of the Dungeon.
You were a tree.
You visited 1 branch of the dungeon, and saw 2 of its levels.

You collected 42 gold pieces.


Innate Abilities, Weirdness & Mutations

You are a tree.
Your roots penetrate the ground, keeping you stationary.
You cannot be teleported.
You are immune to unholy pain and torment.
Your maximum health is greatly increased.
Your equipment is partially melded.
You cannot be hasted, slowed, berserked, paralysed or teleported.
You can dig through walls and to a lower floor.
((You have a pair of large antennae on your head. (SInv)))
Your four strong arms can wield two-handed weapons with a shield.


   Skills:
 - Level 1.7 Dodging
 - Level 2.4 Stealth
 - Level 2.1 Spellcasting
 - Level 1.1 Transmutations
 + Level 6.1 Poison Magic


You had 5 spell levels left.
You knew the following spells:

 Your Spells              Type           Power      Damage    Failure   Level
a - Sting                 Tmut/Pois      44%        1d5       5%          1

Your spell library contained the following spells:

 Spells                   Type           Power      Damage    Failure   Level
 Poisonous Vapours        Pois/Air       20%        N/A       10%         2
 Olgreb's Toxic Radiance  Pois           18%        N/A       19%         4
 Mephitic Cloud           Conj/Pois/Air  7%         N/A       30%         3

Inventory:

Hand Weapons
 f - a +2 short sword of venom (weapon) {short}
   (You took it off a kobold on level 1 of the Dungeon)
Armour
 a - a +0 robe (melded)
Scrolls
 d - 2 scrolls of identify {unknown}
Potions
 b - a potion of magic

Dungeon Overview and Level Annotations

Branches:
Dungeon (2/15) Zot: 10307

Altars:

#..#
#####..#
#......#
#.##...#
#<##...#
#.##...#
####.##...#
..........#
.......♣..#
###.......#
#>.##.#.#
#..##.#.#
#. #..[. ..
###.## ##


There were no monsters in sight!


Message History

You kill the dart slug!
No target in view!
No target in view!
No target in view!
No target in view!
No target in view!
No target in view!
No target in view!
No target in view!
No target in view!
No target in view!
No target in view!
No target in view!
No target in view!
No target in view!
You see here a dart slug corpse.
You sense a monster nearby.
A kobold comes into view. It is wielding a +0 short sword.
A kobold is nearby!
The kobold shouts!
The kobold hits you but does no damage.
You hit the kobold.
You kill the kobold!
Things that are here:
a +0 short sword {short}; a kobold corpse Done exploring.
Done exploring.
Done exploring.
You see here a +0 short sword {short}.
You see here a +0 club {mace}.
You extend your mandibles.
You dig through the translucent rock wall.
You feel drained.
HP[-2]
You now have 22 max hp (-2).
You start waiting.
Done waiting.
You retract your mandibles.
c - a viscous black potion Done exploring.
(D) Dungeon
Where to? (Enter - D:1 @ (x,y), ? - help)
There is a stone staircase leading down here.
You climb downwards.
Found a stone staircase leading down.
There is a stone staircase leading up here.
An adder comes into view.
An adder is nearby!
The adder hisses angrily.
The sting hits the adder but does no damage.
The adder is poisoned.
MP[-1]
You lost 1 mp, and now have 5/6 mp.
The sting misses the adder.
The adder bites you.
You are poisoned.
The adder poisons you!
HP[-2] MP[-1]
You take 2 damage, and now have 20/22 hp.
You lost 1 mp, and now have 4/6 mp.
The sting hits the adder.
The adder looks even sicker.
You feel sick. The adder bites you. x2
You are more poisoned.
The adder poisons you!
HP[-5] MP[-1]
You take 5 damage, and now have 15/22 hp.
MASSIVE DAMAGE!! (PAUSE)
You lost 1 mp, and now have 3/6 mp.
You hit the adder.
The adder looks as sick as possible!
You feel sick. The adder bites you.
* * * LOW HITPOINT WARNING * * *
You are lethally poisoned!
The adder poisons you!
HP[-5]
You take 5 damage, and now have 10/22 hp.
MASSIVE DAMAGE!! (PAUSE)
You hit the adder but do no damage.
The adder looks as sick as possible!
* * * LOW HITPOINT WARNING * * *
You feel very sick.
You kill the adder!
Your Poison Magic skill increases to level 6!
HP[-4]
You now have 23 max hp (+1).
You take 4 damage, and now have 6/23 hp.
* * * LOW HITPOINT WARNING * * *
You feel very sick.
HP[-3]
You take 3 damage, and now have 3/23 hp.
It was a potion of lignification.
You turn into a tree.
Your +0 robe melds into your body.
Your roots penetrate the ground.
* * * LOW HITPOINT WARNING * * *
You feel sick.
You now have 34 max hp (+11).
It was a potion of berserk rage.
Your stasis prevents you from going berserk.
* * * LOW HITPOINT WARNING * * *
You feel sick.
HP[-2]
You take 2 damage, and now have 1/34 hp.
There is a lethal amount of poison in your body!
You die...

Skill      XL: |  1  2  3 |
---------------+----------+-----
Poison Magic   | 5 6 |  6.1
Dodging        | |  1.7
Stealth        | |  2.4
Spellcasting   | |  2.1
Transmutations | |  1.1

Action                   || total
-------------------------++-------
Melee: Unarmed           ||     8
       Dagger            ||    31
       Punch             ||     1
       Short sword       ||     4
 Cast: Sting             ||    43
 Abil: Dig               ||     1
  Use: Potion            ||     2
Armor: Robe              ||     6
Dodge: Dodged            ||    34

Levels and vault maps discovered:
D:1:      minmay_arrival_arboretum_small, layout_loops_ring, minmay_surrounded
D:2:      cheibrodos_old_hovel, layout_loops_ring

Notes
Turn   | Place    | Note
-------+----------+-------------------------------------------
     0 | D:1      | zeratav the Formicid Venom Mage began the quest for the
                  | Orb.
     0 | D:1      | Reached XP level 1. HP: 13/13 MP: 3/3
     0 | D:1      | magus.rc [v1.9.6]
   271 | D:1      | Reached XP level 2. HP: 17/19 MP: 0/5
   372 | D:1      | Reached skill level 5 in Poison Magic
   611 | D:1      | Reached XP level 3. HP: 24/24 MP: 3/6
   881 | D:1      | HP: 6/24 [frozen (5)]
  1690 | D:2      | Reached skill level 6 in Poison Magic
  1690 | D:2      | HP: 3/23 [poisoned by an adder]
  1692 | D:2      | HP: 1/34 [poisoned by an adder]
  1693 | D:2      | Succumbed to an adder's poison

Vanquished Creatures
  An adder (D:2)
  2 dart slugs (D:1)
  5 ball pythons (D:1)
  3 endoplasms (D:1)
  2 giant cockroaches (D:1)
  2 goblins (D:1)
  5 hobgoblins (D:1)
  A quokka (D:1)
  A frilled lizard (D:1)
  7 kobolds (D:1)
  2 rats (D:1)
31 creatures vanquished.

Table legend:
 A = Non-vault XP
 B = Vault XP
 C = Vault XP percentage of total XP
 D = Non-vault monster count
 E = Vault monster count
 F = Vault count percentage of total count
                 A         B        C        D         E       F
            +---------+---------+-------+---------+---------+-------
      Total |      64 |       3 |   4.5 |      29 |       2 |   6.5
            +---------+---------+-------+---------+---------+-------
        D:1 |      50 |       3 |   5.7 |      28 |       2 |   6.7
        D:2 |      14 |       0 |   0.0 |       1 |       0 |   0.0
            +---------+---------+-------+---------+---------+-------

Illustrated notes

Table legend:
 A = Kills in this place as a percentage of kills in entire the game.
 B = Kills by you in this place as a percentage of kills by you in the entire game.
 C = Kills by friends in this place as a percentage of kills by friends in the entire game.
 D = Other kills in this place as a percentage of other kills in the entire game.
 E = Experience gained in this place as a percentage of experience gained in the entire game.
 F = Experience gained in this place divided by the number of levels of this place that you have seen.
                   A       B       C       D       E      F
               +-------+-------+-------+-------+-------+----------------------
         Total | 100.0 | 100.0 |   N/A |   N/A | 100.0 |  33.5
       Dungeon | 100.0 | 100.0 |   N/A |   N/A | 100.0 |  33.5
               +-------+-------+-------+-------+-------+----------------------

Table legend: (Time is in decaauts)
 A = Elapsed time spent in this place.
 B = Non-inter-level travel time spent in this place.
 C = Inter-level travel time spent in this place.
 D = Time resting spent in this place.
 E = Time spent auto-exploring this place.
 F = Levels seen in this place.
 G = Mean time per level.
                   A        B        C        D        E       F      G
               +--------+--------+--------+--------+--------+-----+--------+
         Total |   1692 |   1556 |    136 |    394 |    962 |   2 |  846.0 |
       Dungeon |   1692 |   1556 |    136 |    394 |    962 |   2 |  846.0 |
               +--------+--------+--------+--------+--------+-----+--------+

Top non-repeatable levels by time:
     D:1: 1669 daAuts
     D:2: 23 daAuts
